 Dungeon Crawl Stone Soup version 0.31-a0-210-gccc998df9b (webtiles) character file.

Game seed: 4000867520528709172

6881 nono the Fighter (level 11, -4/90 (93) HPs)
             Began as a Formicid Delver on June 29, 2023.
             Was a Follower of Ashenzari.
             Slain by an orc knight
             ... wielding a +2 great sword
              (11 damage)
             ... on level 12 of the Dungeon.
             The game lasted 00:39:47 (10254 turns).

nono the Fighter (Formicid Delver)                 Turns: 10254, Time: 00:39:47

HP:   -4/90 (93)    AC: 18    Str: 21    XL:     11   Next: 26%
MP:   11/11         EV:  8    Int: 10    God:    Ashenzari [*.....]
Gold: 304           SH: 11    Dex: 15    Spells: 10/10 levels left

rFire   . . .        A - +0 battleaxe
rCold   . . .        t - +0 kite shield of Ashenzari's Ordeal {Melee, Comp} (curse)
rNeg    . . .        B - +0 chain mail
rPois   .            (helmet unavailable)
rElec   .            o - +0 cloak of the Esoteric Negation {Fort, Self} (curse)
rCorr   .            (no gloves)
SInv    +            k - +0 pair of boots {Fly}
Will    ++...        (no amulet)
Stlth   +            p - +4 ring of protection
HPRegen 0.35/turn    G - ring of willpower
MPRegen 0.12/turn

%: no passive effects
@: mighty, flying, lightly drained
A: permanent stasis, dig shafts and tunnels, antennae 3, four strong arms
a: Dig, Shaft Self, Renounce Religion, Curse Item, Shatter the Chains


You were on level 12 of the Dungeon.
You worshipped Ashenzari.
Ashenzari was aware of your devotion.
You visited 2 branches of the dungeon, and saw 11 of its levels.
You also visited: Bailey.

You collected 678 gold pieces.
You spent 374 gold pieces at shops.

Inventory:

Hand Weapons
 a - a +0 hand axe
 r - a +2 heavy hand axe
 A - a +0 battleaxe (weapon)
 C - a +0 dagger of venom
 F - a +2 hand axe of electrocution
Missiles
 L - 2 silver javelins
Armour
 b - a +0 leather armour
 k - a +0 pair of boots of flying (worn)
 n - a +0 ring mail
 o - the cursed +0 cloak of the Esoteric Negation (worn) {Fort, Self}
   (You took it off Crazy Yiuf on level 2 of the Dungeon)

   It has a curse which improves the following skills: Fortitude: Armour and
   Shields.
   Introspection: Fighting and Spellcasting.
 q - a +0 scale mail
 t - the cursed +0 kite shield of Ashenzari's Ordeal (worn) {Melee, Comp}
   (You found it on level 5 of the Dungeon)

   It has a curse which improves the following skills: Melee Combat: Short
   Blades, Long Blades, Axes, Maces & Flails, Polearms, Staves and Unarmed
   Combat.
   Companions: Summonings and Necromancy.
 B - a +0 chain mail (worn)
 H - a +0 plate armour
 I - a +2 hat
Jewellery
 l - a ring of positive energy
 p - a +4 ring of protection (left hand)
 y - a ring of flight
 G - a ring of willpower (right hand)
 K - a ring of ice
 M - a ring of poison resistance
Wands
 f - a wand of digging (3)
 g - a wand of polymorph (9)
 h - a wand of flame (23)
Scrolls
 c - 6 scrolls of fog
 d - 4 scrolls of revelation
 e - 5 scrolls of teleportation
 i - a scroll of enchant armour
 s - a scroll of vulnerability
 u - a scroll of enchant weapon
 v - a scroll of immolation
 w - a scroll of summoning
 x - 2 scrolls of blinking
Potions
 z - 3 potions of berserk rage
 D - a potion of mutation
 E - a potion of resistance
 J - a potion of attraction
 N - 3 potions of enlightenment
 P - a potion of cancellation
Miscellaneous
 O - a sack of spiders (inert)


   Skills:
 + Level 10.3(11.0) Fighting
 + Level 9.0(9.8) Axes
 + Level 9.5(10.3) Armour
 - Level 1.7 Dodging
 - Level 6.0 Stealth
 + Level 8.8(9.6) Shields


You had 10 spell levels left.
You didn't know any spells.
Your spell library contained the following spells:

 Spells                   Type           Power      Damage    Failure   Level
 Necrotise                Necr           0%         1d4       98%         1
 Lesser Beckoning         Tloc           0%         N/A       99%         2
 Momentum Strike          Conj/Tloc      0%         3d8       99%         2
 Vampiric Draining        Necr           0%         2d6       100%        3
 Volatile Blastmotes      Fire/Tloc      0%         2d10      100%        3
 Fulminant Prism          Conj/Hex       0%         3d5       100%        4
 Iskenderun's Mystic Bla  Conj/Tloc      0%         2d3       100%        4
 Agony                    Necr           0%         N/A       100%        5
 Lee's Rapid Deconstruct  Erth           0%         3d4*      100%        5
 Blink                    Tloc           Unusable   N/A       N/A         2

Dungeon Overview and Level Annotations

Branches:
Dungeon (9/15)             Temple (1/1) D:5          Bailey (visited)
   Lair: D:8-11         Orc: D:9-12

Altars:
Ashenzari
Cheibriados
Dithmenos
Elyvilon
Fedhas
Gozag
Hepliaklqana
Kikubaaqudgha
Makhleb
Nemelex Xobeh
Okawaru
Qazlal
Ru
Sif Muna
Trog
Uskayaw
Vehumet
Xom
Yredelemnul
Zin
The Shining One

Shops:
D:4 :   D:6 [=[*[::

Annotations:
D:4 3 runed translucent doors, h0peless's ghost, amateur VSFi


Innate Abilities, Weirdness & Mutations

You cannot be hasted, slowed, berserked, paralysed or teleported.
You can dig through walls and to a lower floor.
You have a pair of large antennae on your head. (SInv)
Your four strong arms can wield two-handed weapons with a shield.


Message History

Okay, then.
You reach into the sack... ...and things crawl out!
The orc knight evades a web.
The sack is emptied!
You closely miss the orc knight.
The orc knight is moderately wounded.
You hit the orc warrior.
The orc knight hits you with a +2 great sword.
* * * LOW HITPOINT WARNING * * *
You slice the orc knight!!
The orc knight is heavily wounded.
You hit the orc warrior. You block the orc warrior's attack.
The orc knight hits you with a +2 great sword.
* * * LOW HITPOINT WARNING * * *
Your scorpion closely misses the orc knight.
Your scorpion stings the orc knight but does no damage.
Your scorpion stings the orc knight!
You feel better.
Your scorpion stings the orc knight but does no damage.
You block the orc warrior's attack. The orc warrior completely misses you.
An orc warrior comes into view. It is wielding a +0 dire flail.
The orc knight hits your scorpion with a +2 great sword!!
Your scorpion dies!
Your scorpion's corpse disappears in a puff of smoke!
Your scorpion closely misses the orc knight.
The orc knight shouts!
You feel better.
Your scorpion stings the orc knight.
The orc knight is poisoned.
Your scorpion poisons the orc knight!
Your scorpion stings the orc knight but does no damage.
You block the orc warrior's attack.
The orc warrior hits you with a +0 dire flail!
The orc knight hits you with a +2 great sword!!
* * * LOW HITPOINT WARNING * * *
Your scorpion barely misses the orc knight.
Okay, then.
Okay, then.
You extend your mandibles.
You dig through the rock wall.
You feel drained.
The orc knight attacks as you move away!
The orc knight hits you with a +2 great sword!
You die...

#. #.#
#..#
#...#####
#.......#
#.......#
#....§ss#
#...§.oo#
#....oo@#
#.##.###.#
#. #.# ##
# o.. ....
..


You could see an orc knight (very poisoned, ally target), 3 orc warriors and 2
friendly scorpions.

Vanquished Creatures
  2 orc knights (Bailey)
  A kobold demonologist (D:9)
  A troll (D:8)
  Grinder (D:5)
  Prince Ribbit (D:7)
  Sigmund (D:4)
  3 yaks (D:8)
  Menkaure (D:5)
  A water moccasin (D:5)
  4 sky beasts (D:7)
  2 ice beasts
  A black bear (D:6)
  8 orc warriors
  2 wolves (D:6)
  2 centaurs (D:5)
  An ogre (D:5)
  A phantom (D:5)
  Blork the orc (D:4)
  A kobold brigand (D:7)
  3 bullfrogs
  4 necrophages (D:6)
  5 gnoll sergeants
  2 scorpions
  3 killer bees (D:8)
  A centaur zombie (D:6)
  A bullfrog zombie (D:6)
  13 hounds
  3 gnoll boudas (D:6)
  An orc priest (D:8)
  2 jellies
  A sleepcap (D:5)
  Crazy Yiuf (D:2)
  An iguana (D:5)
  Ijyb (D:3)
  3 orc wizards
  A howler monkey zombie (D:6)
  26 gnolls
  9 adders
  2 ufetubi
  2 worms
  A dart slug (D:1)
  34 orcs
  8 ball pythons
  5 endoplasms
  2 giant cockroaches
  15 goblins
  5 hobgoblins
  3 jackals (D:6)
  2 quokkas (D:2)
  6 bats
  6 frilled lizards
  29 kobolds
  5 rats
241 creatures vanquished.

Notes
Turn   | Place    | Note
-------+----------+-------------------------------------------
     0 | D:5      | nono the Formicid Delver began the quest for the Orb.
     0 | D:5      | Reached XP level 1. HP: 18/18 MP: 1/1
    11 | D:5      | Found an ancient bone altar of Kikubaaqudgha.
    33 | D:5      | Reached skill level 1 in Armour
    33 | D:5      | Reached XP level 2. HP: 19/24 MP: 2/2
   240 | D:1      | Reached XP level 3. HP: 29/30 MP: 3/3
   463 | D:1      | Found a faded altar of an unknown god.
  1227 | D:2      | Reached skill level 4 in Fighting
  1227 | D:2      | Reached XP level 4. HP: 36/37 MP: 4/4
  1251 | D:2      | Found a runed translucent door.
  1252 | D:2      | Noticed Crazy Yiuf
  1262 | D:2      | Killed Crazy Yiuf
  1433 | D:2      | Reached XP level 5. HP: 42/42 MP: 5/5
  1876 | D:3      | Noticed Ijyb
  1896 | D:3      | Killed Ijyb
  2539 | D:4      | Reached XP level 6. HP: 50/50 MP: 6/6
  2550 | D:4      | Found Cadwuos's Book Shop.
  2644 | D:4      | Noticed Sigmund
  2661 | D:4      | Reached skill level 5 in Fighting
  2667 | D:4      | Found a stormy altar of Qazlal.
  2672 | D:4      | Killed Sigmund
  2673 | D:4      | Reached XP level 7. HP: 44/56 MP: 7/7
  2833 | D:4      | Found a runed translucent gate.
  2833 | D:4      | Found a runed translucent gate.
  2833 | D:4      | Found a runed translucent gate.
  2833 | D:4      | Noticed h0peless's ghost (amateur VSFi)
  2982 | D:4      | Noticed Blork the orc
  2991 | D:4      | Killed Blork the orc
  3252 | D:4      | Found a shadowy altar of Dithmenos.
  3420 | D:5      | Reached skill level 6 in Fighting
  3425 | D:5      | Reached skill level 5 in Axes
  3425 | D:5      | Reached XP level 8. HP: 40/64 MP: 8/8
  3526 | D:5      | Reached skill level 5 in Armour
  3810 | D:5      | Noticed Grinder
  3823 | D:5      | Killed Grinder
  3824 | D:5      | Reached skill level 7 in Fighting
  4025 | D:5      | Found a large runed translucent door.
  4026 | D:5      | Found a large runed translucent door.
  4037 | D:5      | Noticed Menkaure
  4043 | D:5      | Killed Menkaure
  4044 | D:5      | Reached skill level 1 in Shields
  4131 | D:5      | Found a staircase to the Ecumenical Temple.
  4137 | Temple   | Entered the Ecumenical Temple
  4409 | Temple   | Became a worshipper of Ashenzari the Shackled
  4625 | D:5      | Found a burning altar of Makhleb.
  4636 | D:5      | Reached XP level 9. HP: 71/72 MP: 9/9
  4640 | D:5      | Found a glowing golden altar of the Shining One.
  4794 | D:6      | Found Copliton's Jewellery Shoppe.
  4800 | D:6      | Bought a ring of willpower for 350 gold pieces
  4860 | D:6      | Found Mococsed's Antique Armour Boutique.
  4934 | D:6      | Found Ymyxzer's Armour Boutique.
  5975 | D:6      | Reached skill level 8 in Fighting
  6101 | D:6      | Found Soseacs's Antique Armour Boutique.
  6116 | D:6      | Identified the +0 leather armour "Anastria" {rPois rC+ rN+
                  | Str+3}
  6134 | D:6      | Found Miot's Tiny Tomes.
  6193 | D:6      | Found a blossoming altar of Fedhas.
  6362 | D:6      | Found Hoxue's Book Shop.
  6387 | D:6      | Found Riugible's General Store.
  6393 | D:6      | Bought a scroll of identify for 24 gold pieces
  6630 | D:6      | Reached skill level 5 in Shields
  6860 | D:6      | Reached XP level 10. HP: 82/82 MP: 10/10
  7341 | D:7      | Reached skill level 9 in Fighting
  7390 | D:7      | Noticed Prince Ribbit
  7433 | D:7      | Killed Prince Ribbit
  7802 | D:7      | Reached * piety under Ashenzari
  8153 | D:7      | Found a bloodstained altar of Trog.
  8871 | D:8      | Found a flagged portal.
  8882 | Bailey   | Entered a bailey
  8956 | Bailey   | Noticed an orc knight
  8985 | Bailey   | Noticed an orc knight
  9014 | Bailey   | Killed an orc knight
  9356 | Bailey   | Reached XP level 11. HP: 68/92 MP: 11/11
  9375 | Bailey   | Killed an orc knight
  9376 | Bailey   | Reached skill level 10 in Fighting
  9672 | D:8      | Found a white marble altar of Elyvilon.
  9883 | D:8      | Found a radiant altar of Vehumet.
 10211 | D:9      | Identified the +8 ring mail of the Wilderness {Str+6}
 10221 | D:9      | Noticed a soul eater
 10227 | D:9      | You are sucked into a shaft and drop 3 floors!
 10240 | D:12     | Noticed an orc knight
 10254 | D:12     | Slain by an orc knight

Illustrated notes

Levels and vault maps discovered:
D:1:      heliophobic_arrival_enchanted_forest, layout_loops_ring,
          shapermc_ecumenical_altar_starsandcircs
D:2:      layout_rooms, uniq_crazy_yiuf_cottage
D:3:      layout_loops_ring, kennysheep_another_room, uniq_ijyb
D:4:      layout_loops_cross, nicolae_qazlal_scattered_showers, kennysheep_mini,
          ebering_ghost_rock_garden, serial_shops, nicolae_book_shop_shelving,
          corexii_shack, uniq_sigmund, uniq_blork_the_orc
D:5:      layout_rooms, jmf_multi_god_temple2,
          nicolae_kikubaaqudgha_miasma_corner, minmay_temple_entry_fiery,
          portal_sewer_entry_d, lightli_corner_chamber, uniq_grinder,
          uniq_menkaure
D:6:      layout_cave_pools, fedhas_altar_decomposition, serial_shops, shop,
          nicolae_shop_hallway_stairs, nicolae_shop_rolling_square,
          nicolae_shop_getting_attention, shop, serial_gnoll_camp,
          gnoll_camp_mini_loothouse, gnoll_camp_mini_hut, gnoll_camp_huts_basic,
          gnoll_camp_mini_doghouse, gnoll_camp_mini_hut, gnoll_camp_mini_shop,
          nicolae_shop_i_like_small_books_too, hangedman_abyss_or_decor_stagger
D:7:      layout_basic, kennysheep_mini_moat, uniq_prince_ribbit1
D:8:      layout_loops_cross, mainiacjoe_overflow_surrounded_room,
          mainiacjoe_overflow_small_starburst, enter_bailey_3
D:9:      hellmonk_crumbling_castle, layout_basic, mainiacjoe_overflow_catwalk,
          skrybe_limestone_x, minmay_tree_intersection, grunt_decor_fettered
D:12:     minmay_the_grid_triangle_9x9_line_8_mashed
          [minmay_the_grid_triangle_9x9_empty,
          minmay_the_grid_triangle_9x9_shrine,
          minmay_the_grid_triangle_9x9_subtriangle,
          minmay_the_grid_triangle_9x9_wacky_v,
          minmay_the_grid_triangle_9x9_longest,
          minmay_the_grid_triangle_9x9_warning,
          minmay_the_grid_triangle_9x9_zippers_vertical,
          minmay_the_grid_triangle_9x9_prize_top_heavy], layout_rooms,
          erik_orc_2, uniq_fannar
Temple:   hellmonk_temple_forest_ring

Skill      XL: |  1  2  3  4  5  6  7  8  9 10 11 |
---------------+----------------------------------+-----
Armour         | 1 2 3 4 6 7 9 |  9.5
Fighting       | 4 5 6 7 8 9 10 | 10.3
Axes           | 3 4 5 6 7 8 9 |  9.0
Shields        | 2 5 7 8 |  8.8
Dodging        | |  1.7
Stealth        | |  6.0

Action                     |  1- 3 |  4- 6 |  7- 9 | 10-12 || total
---------------------------+-------+-------+-------+-------++-------
  Melee: Hand axe          |    76 |   128 |    35 |       ||   239
         Battleaxe         |       |       |   258 |   308 ||   566
         Dagger            |       |       |       |    13 ||    13
 Invoke: Curse Item        |       |       |       |     2 ||     2
Ability: Dig               |       |     3 |       |     2 ||     5
         Shaft Self        |       |       |       |     1 ||     1
  Evoke: Wand              |       |       |     2 |       ||     2
    Use: Potion            |     2 |     1 |     2 |     5 ||    10
         Scroll            |     1 |     1 |     3 |       ||     5
   Stab: Sleeping          |     9 |     3 |     2 |       ||    14
         Distracted        |       |     1 |       |       ||     1
         Invisible         |       |       |       |     4 ||     4
 Armour: Leather armour    |    13 |       |       |       ||    13
         Ring mail         |     4 |    14 |       |       ||    18
         Scale mail        |       |    57 |    29 |       ||    86
         Chain mail        |       |       |   183 |   205 ||   388
  Dodge: Dodged            |    45 |    94 |   145 |   149 ||   433
  Block: Kite shield       |       |       |   157 |   269 ||   426

Table legend: (Time is in decaauts)
 A = Elapsed time spent in this place.
 B = Non-inter-level travel time spent in this place.
 C = Inter-level travel time spent in this place.
 D = Time resting spent in this place.
 E = Time spent auto-exploring this place.
 F = Levels seen in this place.
 G = Mean time per level.
                   A        B        C        D        E       F      G
               +--------+--------+--------+--------+--------+-----+--------+
         Total |  10607 |   9662 |    945 |   1089 |   5534 |  12 |  883.9 |
       Dungeon |   9522 |   8775 |    747 |    863 |   5442 |  10 |  952.2 |
        Temple |    295 |     97 |    198 |      0 |     92 |   1 |  295.0 |
        Bailey |    788 |    788 |      0 |    226 |      0 |   1 |  788.0 |
               +--------+--------+--------+--------+--------+-----+--------+

Top non-repeatable levels by time:
     D:5: 2180 daAuts
     D:6: 1687 daAuts
     D:7: 1142 daAuts
     D:4: 1027 daAuts
     D:8: 936 daAuts
     D:3: 870 daAuts
     D:1: 864 daAuts
  Bailey: 788 daAuts
     D:2: 678 daAuts
  Temple: 295 daAuts
     D:9: 107 daAuts
    D:12: 28 daAuts
